 Dungeon Crawl Stone Soup version 0.30-a0-359-gd0147acb1a (webtiles) character file.

Game seed: 11913462258496894460

48 jlumianski the Trooper (level 3, -3/29 HPs)
             Began as a Demonspawn Fighter on Nov 12, 2022.
             Killed by divine providence
             ... invoked by an orc priest
              (16 damage)
             ... on level 3 of the Dungeon.
             The game lasted 00:08:28 (1415 turns).

jlumianski the Trooper (Demonspawn Fighter)         Turns: 1415, Time: 00:08:28

Health: -3/29      AC: 14    Str: 24    XL:     3   Next: 50%
Magic:  3/3        EV:  4    Int: 11    God:
Gold:   75         SH: 16    Dex: 12    Spells: 2/2 levels left

rFire   . . .      SeeInvis .    a - +0 war axe
rCold   . . .      Faith    .    n - +0 tower shield
rNeg    . . .      Spirit   .    p - +0 chain mail
rPois   .          Reflect  .    (no helmet)
rElec   .          Harm     .    m - +0 cloak
rCorr   .          Rampage  .    (no gloves)
Will    .....                    (no boots)
Stlth   ..........               (no amulet)
HPRegen 0.24/turn                o - +4 ring of protection
MPRegen 0.08/turn                q - +6 ring of strength

@: no status effects
A: big brain 1, condensation shield
a: no special abilities


You were on level 3 of the Dungeon.
You visited 1 branch of the dungeon, and saw 3 of its levels.

You collected 75 gold pieces.

Inventory:

Hand Weapons
 a - a +0 war axe (weapon)
Missiles
 g - 5 boomerangs (quivered)
Armour
 b - a +0 scale mail
 c - a +0 buckler
 m - a +0 cloak (worn)
 n - a +0 tower shield (worn)
 p - a +0 chain mail (worn)
Jewellery
 o - a +4 ring of protection (left hand)
 q - a +6 ring of strength (right hand)
Scrolls
 e - a scroll of amnesia {unknown}
 f - a scroll of immolation {unknown}
 h - a scroll of blinking {unknown}
 i - 2 scrolls of fear {unknown}
 j - a scroll of fog {unknown}
 k - 2 scrolls of teleportation {unknown}
Potions
 d - 2 potions of might
 l - a potion of ambrosia {unknown}


   Skills:
 + Level 3.2 Fighting
 + Level 2.7 Axes
 + Level 3.2 Armour
 + Level 2.9 Shields


You had 2 spell levels left.
You didn't know any spells.
Your spell library contained the following spells:

 Spells                   Type           Power      Damage    Failure   Level
 Freeze                   Ice            0%         1d3       100%        1
 Magic Dart               Conj           0%         1d3       100%        1
 Searing Ray              Conj           0%         2d4       100%        2
 Frozen Ramparts          Ice            0%         1d1       100%        3
 Hailstorm                Conj/Ice       0%         3d3       100%        3
 Fulminant Prism          Conj/Hex       0%         3d5       100%        4


Dungeon Overview and Level Annotations

Branches:
Dungeon (3/15)

Altars:


Innate Abilities, Weirdness & Mutations

You have an unusually large brain. (Int +2)
A meltable shield of frost defends you. (SH +4)


Message History

You see here a blue potion.
A frilled lizard comes into view.
The frilled lizard hisses angrily.
The orc barely misses you.
The frilled lizard moves out of view.
You slash the orc!
You kill the orc!
An orc comes into view. It is wielding a +0 whip.
The orc priest begins to cast a cantrip, but forgets the words!
The orc shouts!
The orc hits you with a +0 war axe.
Things that are here:
a +0 hand axe; a blue potion; an orc corpse You hit the orc.
The orc is lightly wounded.
The orc hits you but does no damage. x2
You hit the orc but do no damage.
The orc is lightly wounded.
You block the orc's attack.
You slash the orc!
You kill the orc!
The endoplasm freezes you.
You are frozen.
The orc priest mumbles some strange prayers to Beogh against you.
Beogh smites you!
You barely miss the endoplasm. You block the endoplasm's attack.
The orc priest begins to cast a cantrip, but forgets the words!
You block the endoplasm's attack.
You slash the endoplasm!
You kill the endoplasm!
You block the frilled lizard's attack.
You barely miss the frilled lizard.
The frilled lizard bites you but does no damage.
The orc priest looks braver for a moment.
The frilled lizard bites you.
You closely miss the frilled lizard. You block the frilled lizard's attack.
You barely miss the frilled lizard.
You block the frilled lizard's attack. x2
The orc priest invokes the aid of Beogh against you.
Beogh smites you!
Ouch! That really hurt!
You die...

#.....#......#...
#....~.~~~...##..
#....~...~....#.##
#....~.#.~....#..#
#....~...~....#..#
##...~~~.~....'..#
#....).#.....#..#
##...........#.##
##.........##@#
###......###l#
########


oo. .#... (...... .. #..### ... ##.. ... #. You could see an orc priest, an orc
and a frilled lizard.

Vanquished Creatures
  An adder (D:3)
  A dart slug (D:2)
  2 orcs (D:3)
  3 bats
  2 endoplasms
  A giant cockroach (D:2)
  2 goblins
  3 hobgoblins (D:1)
  A jackal (D:3)
  4 quokkas
  A ball python (D:2)
  3 frilled lizards (D:1)
  5 kobolds
  5 rats
34 creatures vanquished.

Vanquished Creatures (others)
  A demonic plant (D:1)
  A fungus (D:1)
  A plant (D:1)
  A withered plant (D:1)
4 creatures vanquished.

Grand Total: 38 creatures vanquished

Notes
Turn   | Place    | Note
-------+----------+-------------------------------------------
     0 | D:1      | jlumianski the Demonspawn Fighter began the quest for the
                  | Orb.
     0 | D:1      | Reached XP level 1. HP: 18/18 MP: 1/1
   237 | D:1      | Gained mutation: You have an unusually large brain. (Int
                  | +2) [demonic ancestry]
   237 | D:1      | Reached XP level 2. HP: 24/24 MP: 2/2
   250 | D:1      | You fall into a shaft and drop 1 floor!
   311 | D:1      | Found a faded altar of an unknown god.
  1294 | D:2      | Gained mutation: A meltable shield of frost defends you.
                  | (SH +4) [demonic ancestry]
  1294 | D:2      | Reached XP level 3. HP: 21/29 MP: 3/3
  1415 | D:3      | Killed from afar by an orc priest

Illustrated notes

Levels and vault maps discovered:
D:1:      co_arrival_square_in_a_square_in_a_square, layout_basic,
          shapermc_ecumenical_altar_gd, minmay_tromino_v7
D:2:      layout_rooms, minmay_surrounded
D:3:      layout_basic, gammafunk_ghost_split, kennysheep_potato, uniq_natasha

Skill      XL: |  1  2 |
---------------+-------+-----
Axes           | 2 |  2.7
Armour         | 3 |  3.2
Fighting       | |  3.2
Shields        | |  2.9

Action                   || total
-------------------------++-------
Melee: War axe           ||    77
Armor: Scale mail        ||    45
       Chain mail        ||     3
Dodge: Dodged            ||    46
Block: Buckler           ||    12
       Tower shield      ||     7

Table legend: (Time is in decaauts)
 A = Elapsed time spent in this place.
 B = Non-inter-level travel time spent in this place.
 C = Inter-level travel time spent in this place.
 D = Time resting spent in this place.
 E = Time spent auto-exploring this place.
 F = Levels seen in this place.
 G = Mean time per level.
                   A        B        C        D        E       F      G
               +--------+--------+--------+--------+--------+-----+--------+
         Total |   1452 |   1452 |      0 |      0 |    743 |   3 |  484.0 |
       Dungeon |   1452 |   1452 |      0 |      0 |    743 |   3 |  484.0 |
               +--------+--------+--------+--------+--------+-----+--------+

Top non-repeatable levels by time:
     D:1: 1121 daAuts
     D:2: 215 daAuts
     D:3: 115 daAuts
